Map: [G8] Ancient Cistern

Players

ByuN - Winner!

  • Race: Terran Terran
  • Spawn Location: 7:00

Creator

  • Race: Protoss Protoss
  • Spawn Location: 1:00

Event: Gamers8 2023

VOD

Have the link to the VOD?

Description

Time

  • Played on: Aug. 4, 2023, 7:07 a.m.
  • Length: 18:31

All games in this series

Show
View Real Time Build Order
Export as new Build Order

ByuN Terran - Winner!

Build Orders:  

Get SALT Encoding   

  12  0:00  SCV  
  13  0:12  SCV  
  14  0:17  Supply Depot  
  14  0:24  SCV  
  15  0:38  Barracks  
  15  0:39  SCV  
  16  0:45  Refinery  
  16  0:51  SCV  
  16  0:55  Refinery  
  17  1:03  SCV  
  18  1:15  SCV  
  20  1:25  Reaper  
  20  1:27  Orbital Command  
  20  1:31  Supply Depot  
  20  1:42  Factory  
  20  1:55  Bunker  
  20  1:58  Reaper  
  20  2:01  SCV  
  22  2:13  SCV  
  23  2:25  SCV  
  24  2:35  Command Center  
  24  2:36  Factory Reactor  
  24  2:39  SCV  
  25  2:50  Supply Depot  
  25  2:51  SCV  
  26  2:52  Starport  
  26  3:03  SCV  
  27  3:12  Widow Mine x2  
  31  3:15  SCV  
  31  3:18  Barracks Tech Lab  
  32  3:21  Barracks  
  32  3:27  SCV  
  32  3:32  Medivac  
  32  3:34  Widow Mine x2  
  39  3:43  Bunker  
  39  3:47  SCV, Orbital Command  
  40  3:56  Supply Depot  
  40  3:59  Marine x2  
  40  4:00  SCV  
  40  4:02  Starport Tech Lab  
  43  4:09  Siege Tank  
  46  4:13  SCV x2  
  48  4:17  Marine x2  
  50  4:25  Supply Depot  
  50  4:26  SCV  
  50  4:27  SCV  
  47  4:39  SCV x2  
  47  4:41  Cyclone  
  47  4:44  Marine  
  50  4:51  SCV x2  
  46  5:03  SCV x2  
  48  5:08  Marine x3  
  49  5:17  SCV x2  
  49  5:23  Stimpack  
  49  5:25  Marine x2  
  49  5:27  Marine  
  52  5:29  Engineering Bay  
  52  5:31  Barracks  
  52  5:34  Refinery  
  52  5:35  SCV x2  
  54  5:36  Raven  
  56  5:47  SCV x2  
  56  5:49  Marine x2  
  59  5:51  Marauder  
  59  5:57  Terran Infantry Weapons Level 1, Supply Depot  
  62  5:59  SCV x2  
  63  6:07  Marine x2  
  64  6:11  SCV  
  64  6:12  Marauder, SCV  
  64  6:14  Missile Turret  
  68  6:21  Starport Reactor  
  68  6:23  SCV  
  68  6:24  SCV  
  70  6:25  Missile Turret  
  70  6:26  Marine x2, Combat Shield  
  70  6:32  Supply Depot  
  72  6:34  Marauder  
  72  6:35  Marauder  
  72  6:36  SCV x2  
  78  6:41  Refinery  
  78  6:52  Supply Depot  
  78  6:53  Marine x2  
  80  6:55  Marauder, Supply Depot  
  80  6:58  Marauder, Medivac  
  86  7:03  Concussive Shells  
  86  7:07  Factory Reactor  
  86  7:10  SCV  
  86  7:12  SCV  
  86  7:14  Medivac  
  88  7:18  Marine x2  
  88  7:19  Marauder x2  
  96  7:36  Command Center, SCV x2  
  96  7:37  Barracks  
  96  7:39  Barracks  
  96  7:40  Supply Depot  
  98  7:44  Marauder x2  
  98  7:47  Marine x2  
  98  7:51  Terran Infantry Armor Level 1  
  102  8:01  Supply Depot  
  102  8:02  SCV x2  
  102  8:05  Ghost Academy  
  104  8:14  SCV x2  
  104  8:15  Marauder x2  
  110  8:21  Marine  
  110  8:22  Marine  
  110  8:25  Barracks Reactor  
  110  8:26  SCV x2  
  105  8:28  Barracks Tech Lab  
  105  8:30  Medivac  
  105  8:31  Medivac, Widow Mine  
  105  8:32  Widow Mine  
  112  8:38  SCV x2  
  114  8:43  Armory  
  114  8:44  Missile Turret  
  114  8:47  Engineering Bay  
  118  8:50  SCV x2  
  118  8:54  Orbital Command  
  120  8:57  Ghost  
  120  8:58  Ghost x2  
  120  9:02  SCV x2  
  116  9:19  Marine x3  
  116  9:20  Marine  
  116  9:21  Medivac x2  
  116  9:23  SCV x3  
  122  9:26  Supply Depot  
  122  9:27  Marauder x3, Widow Mine x2  
  132  9:34  Refinery x2  
  132  9:35  SCV x2  
  132  9:37  SCV  
  132  9:38  Supply Depot  
  133  9:39  Terran Infantry Weapons Level 2, Supply Depot  
  133  9:47  SCV x2  
  133  9:49  SCV  
  133  9:52  Terran Infantry Armor Level 2, Missile Turret, Supply Depot  
  136  9:56  Marauder x2  
  136  9:57  Marauder  
  142  10:00  Marine x2  
  142  10:01  Marine x2  
  140  10:09  SCV x2  
  140  10:10  SCV  
  140  10:12  Widow Mine x2  
  146  10:17  Marine  
  146  10:20  Sensor Tower  
  147  10:23  SCV x2  
  147  10:24  SCV  
  148  10:31  Marine x2  
  148  10:32  Marine x2  
  152  10:40  Supply Depot  
  152  10:41  Command Center, Ghost x2  
  156  10:44  Ghost  
  158  10:56  Barracks  
  160  10:58  Barracks, SCV x3  
  160  10:59  Barracks  
  160  11:01  Marine x2  
  160  11:02  Marine x2  
  165  11:15  Marauder  
  165  11:17  Marine x2  
  165  11:20  Medivac x2  
  165  11:21  Widow Mine x2  
  165  11:23  Marine  
  163  11:26  SCV x2  
  160  11:39  Marauder x3, Marine  
  165  11:40  Marine x3  
  165  11:46  Supply Depot  
  166  11:47  Supply Depot  
  166  11:48  Barracks Reactor, Barracks Tech Lab x2  
  166  11:50  Viking x2  
  165  11:57  Marine x2  
  165  11:58  Marine x2  
  165  11:59  Starport  
  165  12:00  Starport  
  171  12:01  Marauder  
  171  12:02  Marauder  
  171  12:04  Marine  
  174  12:12  Terran Infantry Weapons Level 3  
  174  12:15  Marine x2  
  174  12:20  Medivac  
  178  12:26  Medivac  
  180  12:39  Medivac, Ghost x2  
  186  12:45  Command Center  
  186  12:47  Terran Infantry Armor Level 3  
  186  12:50  Supply Depot  
  186  12:53  Supply Depot  
  186  12:58  Medivac  
  188  13:11  Medivac  
  190  13:19  Ghost x2  
  190  13:22  Marauder x2, Ghost  
  200  13:33  Starport Reactor  
  200  13:36  Terran Ship Weapons Level 1  
  200  13:44  Command Center  
  199  14:02  Orbital Command  
  197  14:03  Ghost  
  197  14:04  Ghost  
  191  14:11  Ghost  
  191  14:12  Marauder x2  
  191  14:13  Medivac x3  
  196  14:19  Marine x3  
  196  14:20  Marine  
  193  14:33  Marauder x2  
  193  14:36  Marauder  
  194  14:42  Marauder x2  
  171  14:52  Marine x2  
  153  14:53  Marine x2  
  153  14:54  Marauder x2  
  153  14:56  Orbital Command  
  153  14:58  Marauder  
  155  15:04  Marauder x2  
  155  15:05  Marine  
  155  15:06  Marine  
  159  15:09  SCV x2  
  159  15:10  Marine, SCV  
  159  15:11  SCV  
  160  15:15  Ghost  
  160  15:16  Marauder  
  160  15:18  Ghost  
  160  15:19  Medivac x2  
  160  15:21  SCV  
  171  15:24  Ghost x2  
  170  15:31  Widow Mine x2  
  167  15:36  Ghost  
  166  15:45  Medivac  
  166  15:49  Medivac  
  165  15:52  Widow Mine x2  
  165  15:55  Marauder x2  
  167  15:59  Marauder x2  
  167  16:01  Marine x2  
  169  16:06  Marauder  
  158  16:17  Marauder x2, Marine x4  
  161  16:19  Marine  
  161  16:20  Marauder  
  164  16:27  Marauder  
  164  16:29  Marauder  
  164  16:32  Marine  
  168  16:35  Marine  
  168  16:36  Marine x2  
  168  16:38  Marauder, Marine x2  
  173  16:41  Marauder  
  173  16:44  Marauder  
  170  16:48  Marauder  
  170  16:50  Marine  
  173  17:03  Medivac  
  173  17:05  Marine x2  
  173  17:07  Marauder  
  173  17:13  Orbital Command  
  173  17:26  Marauder, Viking  
  173  17:32  Marauder  
  173  17:34  Marauder x3, Viking  
  173  17:36  Marine x2  
  160  17:43  Marine x2  
  157  17:46  Missile Turret  
  157  17:48  Marauder, SCV  
  160  17:53  Marauder, Missile Turret  
Show
View Real Time Build Order
Export as new Build Order

Creator Protoss 

Build Orders: 1 Gate Expand, Oracle Opening 

Get SALT Encoding   

  12  0:00  Probe  
  13  0:12  Probe  
  14  0:17  Pylon  
  14  0:24  Probe (Chrono Boost)  
  15  0:36  Probe (Chrono Boost)  
  15  0:37  Gateway  
  16  0:44  Probe (Chrono Boost)  
  16  0:45  Assimilator  
  17  0:51  Probe  
  18  1:03  Probe  
  19  1:15  Probe  
  20  1:23  Cybernetics Core  
  20  1:30  Nexus  
  20  1:38  Pylon  
  20  1:40  Probe  
  20  1:44  Assimilator  
  21  1:52  Probe  
  22  1:57  Stalker (Chrono Boost)  
  24  2:03  Shield Battery  
  24  2:07  Probe  
  25  2:17  Stalker (Chrono Boost)  
  25  2:22  Probe  
  27  2:34  Probe  
  27  2:43  Probe (Chrono Boost)  
  30  2:46  Stargate  
  30  2:48  Adept  
  31  2:55  Probe x2 (Chrono Boost)  
  31  2:57  Warp Gate  
  32  3:01  Probe (Chrono Boost)  
  32  3:03  Probe (Chrono Boost)  
  34  3:09  Probe  
  35  3:14  Probe  
  36  3:22  Probe  
  36  3:26  Probe  
  38  3:27  Oracle (Chrono Boost)  
  38  3:30  Pylon  
  41  3:34  Probe  
  41  3:38  Probe  
  43  3:41  Gateway  
  43  3:42  Gateway  
  43  3:46  Probe  
  43  3:47  Pylon  
  44  3:50  Probe  
  44  3:54  Oracle (Chrono Boost)  
  48  3:59  Probe  
  48  4:02  Probe  
  50  4:11  Probe  
  50  4:16  Gateway  
  51  4:18  Assimilator  
  51  4:21  Phoenix (Chrono Boost)  
  51  4:22  Probe  
  51  4:23  Probe  
  55  4:29  Shield Battery  
  55  4:34  Probe  
  55  4:35  Probe  
  45  4:47  Stalker  
  45  4:48  Zealot  
  45  4:49  Probe x2  
  48  4:54  Phoenix (Chrono Boost)  
  50  5:01  Probe x2  
  52  5:10  Stalker  
  52  5:13  Probe  
  55  5:15  Probe  
  56  5:24  Robotics Facility  
  56  5:27  Probe (Chrono Boost)  
  56  5:28  Pylon  
  58  5:29  Probe (Chrono Boost)  
  58  5:33  Nexus  
  58  5:37  Probe (Chrono Boost)  
  58  5:40  Probe (Chrono Boost)  
  58  5:41  Adept  
  61  5:42  Probe (Chrono Boost)  
  61  5:49  Probe  
  63  5:52  Phoenix  
  63  5:54  Pylon  
  63  5:56  Probe  
  66  6:01  Probe  
  67  6:08  Assimilator, Probe  
  68  6:12  Immortal (Chrono Boost)  
  68  6:13  Probe  
  68  6:14  Robotics Bay  
  73  6:20  Probe  
  74  6:26  Probe  
  74  6:27  Sentry  
  74  6:28  Pylon  
  78  6:32  Probe  
  78  6:35  Pylon  
  78  6:37  Pylon  
  78  6:43  Shield Battery  
  78  6:44  Probe x2  
  78  6:45  Probe  
  78  6:46  Pylon  
  81  6:50  Sentry  
  81  6:51  Phoenix  
  85  6:55  Stalker  
  85  6:56  Probe  
  85  6:57  Probe  
  85  7:00  Colossus (Chrono Boost)  
  89  7:06  Probe  
  96  7:13  Probe x2  
  98  7:15  Sentry  
  98  7:16  Zealot  
  98  7:18  Probe  
  98  7:19  Gateway  
  98  7:21  Shield Battery  
  103  7:26  Pylon  
  103  7:28  Extended Thermal Lance (Chrono Boost)  
  103  7:32  Pylon  
  103  7:33  Probe x2  
  105  7:42  Colossus (Chrono Boost)  
  105  7:44  Pylon  
  105  7:47  Probe  
  105  7:48  Zealot  
  105  7:49  Zealot  
  116  7:52  Zealot, Shield Battery  
  116  7:56  Assimilator, Probe  
  116  7:57  Assimilator  
  119  8:00  Phoenix  
  119  8:05  Zealot  
  121  8:15  Stalker x4  
  129  8:26  Phoenix (Chrono Boost)  
  127  8:28  Zealot  
  127  8:29  Warp Prism (Chrono Boost)  
  127  8:32  Pylon, Phoenix (Chrono Boost)  
  133  8:38  Shield Battery  
  133  8:40  Zealot x3  
  139  8:46  Twilight Council  
  139  8:56  Colossus (Chrono Boost)  
  139  8:58  Phoenix  
  130  9:17  Stalker x5  
  130  9:24  Charge (Chrono Boost)  
  138  9:39  Templar Archives  
  138  9:41  Gateway  
  138  9:45  Observer (Chrono Boost)  
  139  9:46  Zealot, Phoenix  
  139  9:47  Gateway  
  139  9:51  Pylon  
  139  9:52  Zealot x3  
  145  9:55  Gateway  
  145  9:58  Observer (Chrono Boost)  
  150  10:12  Zealot  
  150  10:13  Zealot x2  
  156  10:15  Pylon  
  156  10:17  Pylon  
  156  10:18  High Templar x2  
  160  10:24  Archon  
  160  10:25  Phoenix  
  162  10:31  Disruptor  
  165  10:39  Zealot x4  
  165  10:41  Pylon  
  173  10:44  Pylon  
  173  10:51  High Templar x2  
  173  10:52  Zealot x2  
  173  10:56  Archon  
  181  10:59  Pylon  
  181  11:04  Zealot x3  
  181  11:05  High Templar  
  183  11:14  Observer  
  178  11:21  Phoenix  
  162  11:32  Colossus (Chrono Boost)  
  140  11:34  Zealot x7, Observer  
  140  11:38  Stalker  
  162  11:46  Phoenix  
  164  11:59  Robotics Facility  
  164  12:00  Nexus  
  164  12:02  Forge  
  164  12:06  Probe x3  
  167  12:08  Forge  
  167  12:09  High Templar x2  
  167  12:10  Stalker x2  
  167  12:14  Archon  
  175  12:15  Disruptor (Chrono Boost)  
  178  12:26  Probe x3  
  181  12:34  Observer  
  181  12:41  Disruptor (Chrono Boost)  
  181  12:42  Protoss Ground Weapons Level 1 (Chrono Boost), Probe x3  
  181  12:43  Disruptor (Chrono Boost)  
  184  12:45  Forge, Blink  
  184  12:49  Assimilator, Nexus  
  190  12:53  Assimilator  
  190  12:57  Probe x2, Shield Battery  
  192  13:01  Probe  
  193  13:09  Disruptor  
  195  13:13  Disruptor  
  195  13:16  Probe  
  198  13:25  Probe x2  
  200  13:27  Photon Cannon  
  200  13:33  Protoss Ground Armor Level 1 (Chrono Boost)  
  200  13:35  Dark Shrine, Protoss Shields Level 1 (Chrono Boost)  
  200  13:38  Nexus  
  200  13:40  Psionic Storm  
  200  13:46  Gateway  
  200  13:49  Gateway  
  196  14:06  Disruptor (Chrono Boost)  
  196  14:07  Zealot x7, Disruptor (Chrono Boost)  
  191  14:33  Stalker x5  
  191  14:34  Stalker x2  
  191  14:37  Disruptor (Chrono Boost)  
  167  14:49  Disruptor (Chrono Boost)  
  167  14:51  Stalker x2  
  168  14:55  Probe  
  168  14:56  Probe x4  
  173  15:05  Disruptor (Chrono Boost)  
  176  15:09  Zealot x2, High Templar x2  
  176  15:10  Zealot x2  
  176  15:12  Protoss Ground Weapons Level 2 (Chrono Boost)  
  188  15:17  Archon  
  188  15:19  Dark Templar  
  178  15:25  Disruptor (Chrono Boost)  
  177  15:32  Disruptor (Chrono Boost)  
  174  15:36  Dark Templar  
  174  15:37  Zealot x2, Stalker  
  153  15:42  Shield Battery  
  153  15:49  Dark Templar  
  153  15:54  Observer  
  149  16:15  Observer  
  134  16:31  Nexus  
  109  16:47  Disruptor  
  109  16:51  Disruptor  
  87  17:43  High Templar x4  
  85  17:44  High Templar x2  
  85  17:45  Zealot  
  85  17:47  Archon  
  85  17:49  Archon x2  
  91  17:52  Sentry  
Tags
 
Add a new tag
Caveats
  • Supply blocks, unpowered buildings, or Contaminate may cause inaccurate times.
  • Supply counts are checked every 10 seconds.